 Dungeon Crawl Stone Soup version 0.30.0-5-g1a98f26d00 (webtiles) character file.

Game seed: 4270874139953647954

341 fozzywoppz the Covered (level 6, -3/40 HPs)
             Began as a Gargoyle Fighter on May 10, 2023.
             Was an Initiate of Qazlal.
             Slain by an ice beast (13 damage)
             ... on level 4 of the Dungeon.
             The game lasted 00:05:00 (3318 turns).

fozzywoppz the Covered (Gargoyle Fighter)           Turns: 3318, Time: 00:05:00

Health: -3/40      AC: 14    Str: 19    XL:     6   Next: 56%
Magic:  6/6        EV:  7    Int:  9    God:    Qazlal [......]
Gold:   180        SH:  5    Dex: 11    Spells: 5/5 levels left

rFire   . . .        a - +0 flail
rCold   . . .        c - +0 buckler
rNeg    + . .        w - +0 chain mail
rPois   ∞            (no helmet)
rElec   +            (no cloak)
rCorr   +            (no gloves)
SInv    .            (no boots)
Will    .....        (no amulet) Stlth
                     q - ring of resist corrosion
HPRegen 0.26/turn    (no ring)
MPRegen 0.10/turn

%: no passive effects
@: no status effects
A: sickness immunity, AC +4, negative energy resistance 1, electricity
resistance, torment resistance 1, petrification resistance
a: Renounce Religion


You were on level 4 of the Dungeon.
You worshipped Qazlal.
Qazlal was noncommittal.
You visited 1 branch of the dungeon, and saw 4 of its levels.

You collected 180 gold pieces.

Inventory:

Hand Weapons
 a - a +0 flail (weapon)
Missiles
 g - 2 poisoned darts (quivered)
Armour
 b - a +0 scale mail
 c - a +0 buckler (worn)
 w - a +0 chain mail (worn)
 z - a +0 plate armour
Jewellery
 q - a ring of resist corrosion (left hand)
 t - an amulet of faith
Scrolls
 e - a scroll of immolation {unknown}
 f - 2 scrolls of enchant armour {unknown}
 l - 2 scrolls of enchant weapon {unknown}
 n - a scroll of amnesia {unknown}
 s - 3 scrolls of teleportation {unknown}
 v - 2 scrolls of identify {unknown}
 x - a scroll of noise {unknown}
 y - 3 scrolls of vulnerability {unknown}
 A - a scroll of blinking {unknown}
 B - a scroll of brand weapon {unknown}
Potions
 d - 2 potions of might
 h - a potion of invisibility {unknown}
 i - a potion of lignification {unknown}
 j - a potion of brilliance {unknown}
 k - 2 potions of haste {unknown}
 m - a potion of attraction {unknown}
 o - 2 potions of heal wounds {unknown}
 p - 3 potions of curing {unknown}
 r - a potion of mutation {unknown}
 u - a potion of flight {unknown}


   Skills:
 + Level 4.8 Fighting
 + Level 3.7 Maces & Flails
 + Level 4.8 Armour
 + Level 4.7 Shields


You had 5 spell levels left.
You didn't know any spells.
Your spell library contained the following spells:

 Spells                   Type           Power      Damage    Failure   Level
 Ensorcelled Hibernation  Hex/Ice        0%         N/A       99%         2
 Passwall                 Tmut/Erth      0%         N/A       99%         2
 Swiftness                Air            0%         N/A       100%        3


Dungeon Overview and Level Annotations

Branches:
Dungeon (4/15)
 Temple: D:4-7

Altars:
Ashenzari
Gozag
Kikubaaqudgha
Qazlal
Xom

Shops:
D:4 (

Annotations:
D:4 3 runed translucent doors, ragingrage's ghost, novice DjBe


Innate Abilities, Weirdness & Mutations

You are immune to sickness and miasma.
Your stone body is resilient. (AC +4)
You are immune to poison.
You resist negative energy. (rN+)
You are resistant to electric shocks. (rElec)
You are resistant to unholy torment.
You are immune to petrification.


Message History

The ice beast hits you but does no damage.
You hit the ice beast.
The ice beast is lightly wounded.
The ice beast hits you but does no damage.
You hit the ice beast but do no damage.
The ice beast is lightly wounded.
The ice beast hits you but does no damage.
You barely miss the ice beast.
The ice beast is lightly wounded.
You block the ice beast's attack.
You hit the ice beast but do no damage.
The ice beast is lightly wounded.
You block the ice beast's attack.
The ice beast hits you but does no damage.
You hit the ice beast.
The ice beast is lightly wounded.
The ice beast hits you. The ice beast freezes you.
You hit the ice beast.
The ice beast is lightly wounded.
The ice beast hits you. The ice beast freezes you.
The ice beast attacks as you move away!
The ice beast hits you but does no damage.
The ice beast attacks as you move away!
The ice beast hits you but does no damage.
You closely miss the ice beast.
The ice beast is lightly wounded.
The ice beast barely misses you.
You hit the ice beast.
The ice beast is moderately wounded.
The ice beast hits you but does no damage.
You block the ice beast's attack.
You closely miss the ice beast.
The ice beast is moderately wounded.
The ice beast hits you. The ice beast freezes you!
The ice beast attacks as you move away! The ice beast closely misses you.
The ice beast attacks as you move away! The ice beast barely misses you.
The ice beast attacks as you move away! The ice beast hits you.
* * * LOW HITPOINT WARNING * * *
The ice beast freezes you!
You die...

...# ######
#.≈≈≈≈≈≈≈...#.# ...#
#...........#.# ...#
##..###..##.#.######
...#
##......>..#.......
...#
#.################
...# #.#... ####
#.##.# #.##.# #@##.#
#Y##.# #.##.# #.##.#
#.##.# #.##.# #....#
#.#### ###


You could see an ice beast.

Vanquished Creatures
  An ogre (D:4)
  A jelly (D:4)
  2 hounds (D:4)
  Natasha (thrice) (D:3)
  3 adders (D:2)
  A dart slug (D:4)
  An orc (D:3)
  3 ball pythons (D:1)
  9 endoplasms
  2 giant cockroaches (D:1)
  6 goblins
  2 hobgoblins (D:1)
  5 quokkas
  5 bats (D:1)
  2 frilled lizards
  5 kobolds
  6 rats
57 creatures vanquished.

Notes
Turn   | Place    | Note
-------+----------+-------------------------------------------
     0 | D:1      | fozzywoppz the Gargoyle Fighter began the quest for the
                  | Orb.
     0 | D:1      | Reached XP level 1. HP: 14/14 MP: 1/1
   143 | D:1      | Reached XP level 2. HP: 13/19 MP: 2/2
   200 | D:1      | Found a faded altar of an unknown god.
   200 | D:1      | Noticed a neqoxec
   447 | D:1      | Reached XP level 3. HP: 21/23 MP: 3/3
   857 | D:2      | You fall into a shaft and drop 1 floor!
   861 | D:3      | Found an ancient bone altar of Kikubaaqudgha.
   901 | D:3      | Found a shimmering altar of Xom.
  1273 | D:2      | Reached XP level 4. HP: 27/29 MP: 4/4
  1809 | D:3      | Found a stormy altar of Qazlal.
  1827 | D:3      | Became a worshipper of Qazlal Stormbringer
  1996 | D:3      | Noticed Natasha
  2003 | D:3      | Killed Natasha
  2275 | D:3      | Noticed Natasha
  2286 | D:3      | Killed Natasha
  2287 | D:3      | Reached XP level 5. HP: 28/33 MP: 5/5
  2423 | D:3      | Noticed Natasha
  2435 | D:3      | Killed Natasha
  2796 | D:4      | Found Muelim's Antique Weapon Emporium.
  2914 | D:4      | Noticed an ogre
  2918 | D:4      | Killed an ogre
  2919 | D:4      | Reached XP level 6. HP: 18/39 MP: 6/6
  3060 | D:4      | Found a runed translucent gate.
  3061 | D:4      | Found a runed translucent gate.
  3061 | D:4      | Found an opulent altar of Gozag.
  3062 | D:4      | Found a runed translucent gate.
  3063 | D:4      | Noticed ragingrage's ghost (novice DjBe)
  3196 | D:4      | Found a broken altar of Ashenzari.
  3284 | D:4      | Noticed an ice beast
  3318 | D:4      | Slain by an ice beast

Illustrated notes

Levels and vault maps discovered:
D:1:      elethiomel_arrival_shortcut, layout_loops_ring,
          dreamdust_ecumenical_altar_sealed_demon,
          amcnicky_mini_corridor_feature
D:2:      layout_loops_ring
D:3:      layout_basic, mainiacjoe_overflow_brackets,
          mainiacjoe_overflow_boulevard, kiku_gazebo_garden_becter,
          st_stairs_12, hex_medium, minmay_misc_feat_tower, uniq_natasha
D:4:      layout_basic, mainiacjoe_overflow_catwalk, serial_shops, shop,
          ebering_ghost_gozag

Skill      XL: |  1  2  3  4 |
---------------+-------------+-----
Armour         | 4 |  4.8
Fighting       | 4 |  4.8
Shields        | 4 |  4.7
Maces & Flails | 3 |  3.7

Action                     |  1- 3 |  4- 6 || total
---------------------------+-------+-------++-------
  Melee: Flail             |    96 |    95 ||   191
    Use: Potion            |       |     1 ||     1
 Armour: Scale mail        |    38 |    11 ||    49
         Chain mail        |       |    49 ||    49
  Dodge: Dodged            |    48 |    24 ||    72
  Block: Buckler           |    19 |    20 ||    39
